 Dungeon Crawl Stone Soup version 0.17-a0-2217-ga280b8d (webtiles) character file.

71 Jergosh the Ruffian (level 4, -5/37 (38) HPs)
             Began as a Ghoul Monk on Oct 28, 2015.
             Slain by a human (8 damage)
             ... on level 2 of the Dungeon.
             The game lasted 00:06:16 (1315 turns).

Jergosh the Ruffian (Ghoul Monk)                    Turns: 1315, Time: 00:06:16

HP:   -5/37 (38)    AC:  3    Str: 14    XL:     4   Next: 24%
MP:   3/3           EV: 13    Int:  5    God:
Gold: 87            SH:  0    Dex: 12    Spells: 0 memorised, 3 levels left

rFire  . . .     SeeInvis .       - Unarmed
rCold  + + .     Clarity  .     h - +1 robe {rC+}
rNeg   + + +     SustAt   .     (no shield)
rPois  ∞         Gourm    .     (no helmet)
rElec  .         Spirit   .     (no cloak)
rCorr  .         Warding  .     (no gloves)
rMut   .         Stasis   .     (no boots)
MR     .....                    (no amulet)
Stlth  ++........               (no ring)
                                (no ring)

@: flying, rotting, not resistant to hostile enchantments, unstealthy
A: rotting body, claws 1, carnivore 3, cold resistance 1, negative energy
resistance 3, slow regeneration 1, torment resistance, unbreathing
a: no special abilities


You were on level 2 of the Dungeon.
You were not hungry.

You visited 1 branch of the dungeon, and saw 2 of its levels.

You collected 87 gold pieces.

Inventory:

Missiles
 m - 2 javelins (quivered)
Armour
 a - a +0 robe
 h - a +1 robe of cold resistance (worn)
Scrolls
 d - 2 scrolls of enchant weapon {unknown}
 g - a scroll of magic mapping {unknown}
 k - 2 scrolls of identify {unknown}
 o - a scroll of fear {unknown}
Potions
 f - a potion of magic {unknown}
 i - 2 potions of curing {unknown}
 j - a potion of might {unknown}
 l - a potion of beneficial mutation {unknown}
 n - a potion of heal wounds {unknown}
 p - a potion of ambrosia {unknown}
Comestibles
 b - a meat ration
 c - 8 chunks of flesh


   Skills:
 + Level 3.4 Fighting
 + Level 1.0 Armour
 * Level 3.3 Dodging
 + Level 2.5 Stealth
 * Level 5.1 Unarmed Combat


You had 3 spell levels left.
You didn't know any spells.

Dungeon Overview and Level Annotations

Branches:
Dungeon (2/15)

Altars:
Yredelemnul


Innate Abilities, Weirdness & Mutations

Your body is rotting away.
You thrive on raw meat.
You are immune to poison.
You have sharp fingernails.
You are carnivorous and can eat meat at any time.
Your flesh is cold resistant.
You are immune to negative energy.
You regenerate slowly when monsters are visible.
You are immune to unholy pain and torment.
You can survive without breathing.


Message History

The human closely misses you.
You claw the human!
The human is almost dead.
The human hits you!
* * * LOW HITPOINT WARNING * * *
Drink which item? (? for menu, Esc to quit)
Okay, then.
Read which item? (? for menu, Esc to quit)
Okay, then.
Drink which item? (? for menu, Esc to quit)
It was a potion of flight.
You feel very buoyant.
You fly up into the air.
The human misses you.
You closely miss the human.
The human is almost dead.
The human barely misses you.
You scratch the human but do no damage.
The human is almost dead.
The human hits you!
You die...

###...#####.##.##.#
##.###.......## ##
#.# #.##(#.......
#.###.##.#.###.#
.......)......#
#####........###
#............#
#.###........#
##....@.#####
##.###p#...#
#.#.'.#._.#
#.###.#...#
#.....#####
#.......# #.......#
#.###...# #. #...#


You could see a human.

Vanquished Creatures
  Terence (D:2)
  An adder (D:2)
  3 giant geckos
  7 bats
  2 giant cockroaches (D:1)
  3 hobgoblins
  3 kobolds (D:1)
  A ball python (D:2)
  A giant newt (D:1)
  5 goblins (D:1)
  A goblin zombie (D:2)
  A kobold zombie (D:2)
  8 rats
37 creatures vanquished.

Notes
Turn   | Place    | Note
--------------------------------------------------------------
     0 | D:1      | Jergosh the Ghoul Monk began the quest for the Orb.
     0 | D:1      | Reached XP level 1. HP: 19/19 MP: 0/0
   220 | D:1      | Reached XP level 2. HP: 24/26 MP: 1/1
   816 | D:1      | Reached XP level 3. HP: 31/31 MP: 2/2
  1102 | D:2      | Noticed Terence
  1121 | D:2      | Killed Terence
  1121 | D:2      | Reached skill level 1 in Armour
  1121 | D:2      | Reached skill level 5 in Unarmed Combat
  1201 | D:2      | Reached XP level 4. HP: 38/38 MP: 3/3
  1247 | D:2      | Found a runed door.
  1247 | D:2      | Noticed a human
  1269 | D:2      | Found a basalt altar of Yredelemnul.
  1315 | D:2      | Slain by a human

Vault maps used:
D:1:      lightli_arrival_statue_moat, minmay_crystal_room, roderic_lattice_a
D:2:      dk_yredelemnul_ordeal, uniq_terence

Action                   |  1- 3 |  4- 6 || total
-------------------------+-------+-------++-------
Melee: Unarmed           |    78 |    42 ||   120
  Use: Potion            |       |     1 ||     1
 Stab: Sleeping          |     8 |       ||     8
  Eat: Chunk             |     4 |       ||     4
